 Dungeon Crawl Stone Soup version 0.25-a0-834-g55863b0b92 (webtiles) character file.

Game seed: 17962699390918354215, levelgen mode: deterministic

664 mewn the Grave Robber (level 7, -2/47 HPs)
             Began as a Mummy Necromancer on Apr 22, 2020.
             Was a Follower of Yredelemnul.
             Shot with an arrow by a centaur (7 damage)
             ... on level 5 of the Dungeon.
             The game lasted 00:32:47 (5572 turns).

mewn the Grave Robber (Mummy Necromancer)           Turns: 5572, Time: 00:32:47

Health: -2/47      AC:  3    Str: 11    XL:     7   Next: 31%
Magic:  12/17      EV: 12    Int: 16    God:    Yredelemnul [*.....]
Gold:   372        SH:  0    Dex: 13    Spells: 14/19 levels left

rFire    . . .     SeeInvis .   f - +1 dagger (protect)
rCold    + + .     Gourm    .   (no shield)
rNeg     + + +     Faith    .   j - +0 robe
rPois    ∞         Spirit   .   (no helmet)
rElec    .         Reflect  .   e - +0 cloak
rCorr    .         Harm     .   (no gloves)
MR       .....                  (no boots)
Stlth    ++........             (no amulet)
HPRegen  0.15/turn              c - ring of protection from fire
MPRegen  0.15/turn              a - ring of protection from cold

@: about to teleport, marked
A: no food or potions, fire vulnerability, cold resistance 1, negative energy
resistance 3, torment resistance, unbreathing
a: Animate Remains, Renounce Religion


You were on level 5 of the Dungeon.
You worshipped Yredelemnul.
Yredelemnul was aware of your devotion.
You were not hungry.

You visited 2 branches of the dungeon, and saw 6 of its levels.

You collected 372 gold pieces.

Inventory:

Hand Weapons
 f - a +1 dagger of protection (weapon)
 l - a +4 trident
Armour
 e - a +0 cloak (worn)
 j - a +0 robe (worn)
Jewellery
 a - a ring of protection from cold (right hand)
 c - a ring of protection from fire (left hand)
 n - an uncursed ring of flight
 o - an uncursed amulet of regeneration
Wands
 h - a wand of clouds (6)
Scrolls
 b - a scroll of random uselessness
 d - 5 scrolls of remove curse
 g - 2 scrolls of enchant armour
 k - a scroll of teleportation
 m - 2 scrolls of amnesia


   Skills:
 + Level 0.6 Fighting
 + Level 1.2 Short Blades
 + Level 2.0 Dodging
 + Level 2.0 Stealth
 + Level 6.6 Spellcasting
 + Level 6.7 Necromancy


You had 14 spell levels left.
You knew the following spells:

 Your Spells              Type           Power        Failure   Level  Hunger
a - Pain                  Necr           ####         1%          1    N/A
b - Animate Dead          Necr           N/A          9%          4    N/A

Your spell library contained the following spells:

 Spells                   Type           Power        Failure   Level  Hunger
 Animate Skeleton         Necr           N/A          1%          1    N/A
 Vampiric Draining        Necr           ####......   2%          3    N/A
 Agony                    Necr           ####....     22%         5    N/A
 Confusing Touch          Hex            #.......     36%         3    N/A
 Gell's Gravitas          Tloc           #.........   36%         3    N/A
 Petrify                  Tmut/Erth      #.......     78%         4    N/A
 Metabolic Englaciation   Hex/Ice        #.........   98%         5    N/A
 Yara's Violent Unravell  Hex/Tmut       #.........   98%         5    N/A

Dungeon Overview and Level Annotations

Branches:
Dungeon (5/15)             Temple (1/1) D:5

Altars:
Ashenzari
Fedhas
Hepliaklqana
Okawaru
Sif Muna
Uskayaw
Yredelemnul


Innate Abilities, Weirdness & Mutations

You do not eat or drink.
Your flesh is vulnerable to fire.
You are immune to poison.
Your flesh is cold resistant. (rC+)
You are immune to negative energy. (rN+++)
You are immune to unholy pain and torment.
You can survive without breathing.


Message History

The centaur shoots an arrow.
The arrow hits you.
* * * LOW HITPOINT WARNING * * *
Casting: Pain (safe; 1% risk of failure)
Confirm with . or Enter, or press ? or * to list all spells.
Aiming: Pain (safe; 1% risk of failure)
Press: ? - help, Shift-Dir - straight line, f/p - centaur
Aim: a centaur, wielding a +0 shortbow and quivering 20 arrows (moderately wounded, unusually resistant, chance to defeat MR: 84%)
The centaur writhes in agony!
The centaur shoots an arrow.
The arrow closely misses you.
The arrow barely misses your water moccasin zombie.
Casting: Pain (safe; 1% risk of failure)
Confirm with . or Enter, or press ? or * to list all spells.
Aiming: Pain (safe; 1% risk of failure)
Press: ? - help, Shift-Dir - straight line, f/p - centaur
Aim: a centaur, wielding a +0 shortbow and quivering 19 arrows (severely wounded, unusually resistant, chance to defeat MR: 84%)
The centaur barely resists.
Your water moccasin zombie crumbles into dust!
The centaur shoots an arrow.
The arrow hits you!
You die...
Yredelemnul claims you as an undead slave.

####...........##.#
#.........#+##.##.#
#...........%..##.#
#..........>..###.#
########Z#..(## #.#
#.##..# #.# #.###(# #.#
#....(# #.# #####@# #.#
#.# #.# #.# #.#
####c####.# ..#......# ##
#.#.######## .####
##.#.........
....#########....########
.##.##...<.....#.#


You could see a centaur.

Vanquished Creatures
  A human (D:3)
  A water moccasin (D:5)
  An ice beast (D:5)
  2 orc priests (D:4)
  An orc wizard (D:2)
  A hound zombie (D:5)
  A worker ant zombie (D:5)
  11 adders
  4 worms
  A dart slug (D:1)
  3 leopard geckos
  11 orcs
  8 bats
  6 giant cockroaches
  11 goblins
  13 hobgoblins
  4 jackals (D:4)
  A quokka (D:3)
  A ball python (D:2)
  7 frilled lizards
  A giant cockroach zombie (D:5)
  A jackal skeleton (D:3)
  3 kobolds
  A quokka skeleton (D:5)
  5 rats
100 creatures vanquished.

Vanquished Creatures (collateral kills)
  A worm (D:2)
  An orc (D:2)
2 creatures vanquished.

Vanquished Creatures (others)
  4 toadstools (D:1)
4 creatures vanquished.

Grand Total: 106 creatures vanquished

Notes
Turn   | Place    | Note
-------+----------+-------------------------------------------
     0 | D:1      | mewn the Mummy Necromancer began the quest for the Orb.
     0 | D:1      | Reached XP level 1. HP: 13/13 MP: 4/4
   228 | D:1      | Reached XP level 2. HP: 19/19 MP: 0/5
  1102 | D:2      | Reached XP level 3. HP: 24/24 MP: 1/7
  1149 | D:2      | Found a blossoming altar of Fedhas.
  1929 | D:2      | Reached skill level 5 in Necromancy
  1996 | D:2      | Reached XP level 4. HP: 30/30 MP: 5/9
  2002 | D:2      | Learned a level 4 spell: Animate Dead
  2409 | D:3      | Found a runed translucent door.
  2409 | D:3      | Noticed a human
  2416 | D:3      | Found a basalt altar of Yredelemnul.
  2446 | D:3      | Killed a human
  2446 | D:3      | Reached skill level 5 in Spellcasting
  2446 | D:3      | Reached XP level 5. HP: 21/35 MP: 1/13
  2453 | D:3      | Became a worshipper of Yredelemnul the Dark
  2579 | D:3      | Reached XP level 6. HP: 41/41 MP: 9/14
  3495 | D:3      | Found a shattered altar of Ashenzari.
  3761 | D:3      | Reached * piety under Yredelemnul
  4972 | D:5      | Entered Level 5 of the Dungeon
  5246 | D:5      | Noticed an ice beast
  5257 | D:5      | Killed an ice beast
  5257 | D:5      | Reached XP level 7. HP: 30/46 MP: 8/16
  5281 | D:5      | Reached skill level 1 in Short Blades
  5528 | D:5      | Found a staircase to the Ecumenical Temple.
  5544 | Temple   | Entered the Ecumenical Temple
  5572 | D:5      | Shot with an arrow by a centaur

Levels and vault maps discovered:
D:1:      dpeg_arrival_round_c, layout_basic, roderic_lattice_a,
          corexii_corridor_pit, hangedman_feature_mirror,
          minmay_gold_behind_fungi
D:2:      layout_rooms, fedhas_altar_2, hangedman_abyss_or_decor_stabs,
          st_stairs_1, uniq_robin
D:3:      layout_loops_ring, lemuel_round_altar, first_ration,
          dk_yredelemnul_ordeal
D:4:      layout_basic, nicolae_ru_the_path_less_chosen,
          guppyfry_early_lair_pool, uniq_duvessa, uniq_pikel
D:5:      layout_basic, minmay_temple_entry_offerings
Temple:   eino_temple_rhombus

Skill      XL: |  1  2  3  4  5  6  7 |
---------------+----------------------+-----
Spellcasting   | 3 5 6 |  6.6
Necromancy     | 5 6 |  6.7
Stealth        | 2 |  2.0
Short Blades   | 1 |  1.2
Dodging        | 2 |  2.0
Fighting       | |  0.6

Action                   |  1- 3 |  4- 6 |  7- 9 || total
-------------------------+-------+-------+-------++-------
Melee: Dagger            |     4 |    46 |       ||    50
 Cast: Pain              |    88 |   126 |    19 ||   233
       Animate Dead      |       |    21 |     1 ||    22
  Use: Scroll            |       |     6 |     2 ||     8
Armor: Robe              |     1 |    19 |       ||    20
Dodge: Dodged            |    13 |    61 |     8 ||    82

Table legend:
 A = Non-vault XP
 B = Vault XP
 C = Vault XP percentage of total XP
 D = Non-vault monster count
 E = Vault monster count
 F = Vault count percentage of total count
                 A         B        C        D         E       F
            +---------+---------+-------+---------+---------+-------
      Total |     678 |     271 |  28.6 |      84 |      18 |  17.6
            +---------+---------+-------+---------+---------+-------
        D:1 |      22 |      11 |  33.3 |      12 |       6 |  33.3
        D:2 |     105 |      32 |  23.4 |      21 |       8 |  27.6
        D:3 |      97 |     201 |  67.4 |      32 |       2 |   5.9
        D:4 |     131 |      27 |  17.1 |      12 |       2 |  14.3
        D:5 |     323 |       0 |   0.0 |       7 |       0 |   0.0
            +---------+---------+-------+---------+---------+-------
